 Dungeon Crawl Stone Soup version 0.18.1-8-gdd0e5ea (console) character file.

402 lauthentik the Covert (level 6, -6/42 HPs)
             Began as a Vampire Enchanter on May 27, 2016.
             Killed from afar by an orc wizard (9 damage)
             ... with a magic dart
             ... on level 4 of the Dungeon.
             The game lasted 00:16:10 (3259 turns).

lauthentik the Covert (Vampire Enchanter)           Turns: 3259, Time: 00:16:12

Health: -6/42      AC:  5    Str:  7    XL:     6   Next: 55%
Magic:  0/10       EV: 13    Int: 19    God:
Gold:   163        SH:  0    Dex: 15    Spells: 3 memorised, 5 levels left

rFire  + . .     SeeInvis +     a - +2 dagger
rCold  + + .     Gourm    .     b - +1 robe
rNeg   + + .     Faith    .     (no shield)
rPois  +         Spirit   .     q - +2 hat
rElec  +         Dismiss  .     (no cloak)
rCorr  +         Reflect  .     (no gloves)
SustAt .         Harm     .     (no boots)
MR     .....                    (no amulet)
Stlth  ++++......               (no ring)
                                s - ring of wizardry

@: resistant, regenerating slowly, not resistant to hostile enchantments,
stealthy
A: fangs 3, see invisible, unbreathing
a: Bat Form


You were on level 4 of the Dungeon.
You were very thirsty.

You visited 1 branch of the dungeon, and saw 4 of its levels.

You collected 163 gold pieces.

Inventory:

Hand Weapons
 a - a +2 dagger (weapon)
 j - a +0 dagger
Missiles
 i - 12 poisoned needles
Armour
 b - a +1 robe (worn)
 q - a +2 hat (worn)
Jewellery
 s - a ring of wizardry (left hand)
Scrolls
 e - a scroll of amnesia
 f - 4 scrolls of identify
 k - a scroll of enchant weapon
 l - 2 scrolls of enchant armour
 u - a scroll of fog {unknown}
Potions
 d - 3 potions of blood
 h - a potion of ambrosia {unknown}
 m - a potion of cure mutation {unknown}
 n - a potion of lignification {unknown}
 o - a potion of mutation {unknown}
 p - 2 potions of curing {unknown}
 r - a potion of might {unknown}
 t - a potion of flight {unknown}
Books
 c - a book of Maledictions

   Spells                             Type                      Level
   a - Corona                         Hexes                        1
   b - Ensorcelled Hibernation        Hexes/Ice                    2
   c - Confuse                        Hexes                        3
   d - Tukima's Dance                 Hexes                        3
   e - Dazzling Spray                 Conjuration/Hexes            3


   Skills:
 + Level 0.8 Fighting
 + Level 1.4 Short Blades
 + Level 3.0 Dodging
 + Level 8.0 Stealth
 + Level 3.2 Spellcasting
 + Level 6.1 Hexes
 + Level 1.7 Ice Magic


You had 5 spell levels left.
You knew the following spells:

 Your Spells              Type           Power        Failure   Level  Hunger
a - Ensorcelled Hibernat  Hex/Ice        ###...       2%          2    ##.....
b - Corona                Hex            ####...      1%          1    None
c - Confuse               Hex            ####....     1%          3    ###....


Dungeon Overview and Level Annotations

Branches:
Dungeon (4/15)
 Temple: D:4-7

Altars:
Cheibriados
Fedhas
Qazlal
Trog
Xom
Yredelemnul


Innate Abilities, Weirdness & Mutations

You heal slowly.
You have razor-sharp teeth.
You have supernaturally acute eyesight.
You can survive without breathing.


Message History

Casting: Ensorcelled Hibernation
Confirm with . or Enter, or press ? or * to list all spells.
Aiming: Ensorcelled Hibernation
Press: ? - help, Shift-Dir - straight line, f - orc wizard
Aim: an orc wizard, wielding a dagger and wearing a robe (moderately wounded, fast, chance to defeat MR: 48%)
The orc wizard resists with some effort.
The orc wizard hits you but does no damage.
The orc wizard misses you.
You hit the orc wizard but do no damage.
The orc wizard is moderately wounded.
The orc wizard closely misses you.
You hit the orc wizard but do no damage.
The orc wizard is moderately wounded.
The orc wizard points at you and mumbles some strange words.
The puff of flame misses you.
You hit the orc wizard.
The orc wizard is heavily wounded.
The orc wizard points at you and mumbles some strange words.
The magic dart hits you!
You die...

.. .## .o.
#######o######
.............#
#o#### #..oo#
####o# #@# #.#
#.# #######.#
#.......#
#####.##########
#..............#
#.###+###......#
.##....#......#


You could see 2 orc wizards and an orc.

Vanquished Creatures
  Menkaure (D:4)
  A crimson imp (D:3)
  An iguana (D:4)
  A worker ant (D:4)
  3 gnolls (D:3)
  7 adders
  An ooze (D:2)
  3 worms
  3 dart slugs
  3 giant geckos
  2 orcs (D:4)
  10 bats
  4 giant cockroaches
  9 goblins
  8 hobgoblins
  9 jackals (D:2)
  A quokka (D:3)
  3 ball pythons
  2 giant newts
  8 kobolds
  10 rats
90 creatures vanquished.

Notes
Turn   | Place    | Note
--------------------------------------------------------------
     0 | D:1      | lauthentik the Vampire Enchanter began the quest for the Orb.
     0 | D:1      | Reached XP level 1. HP: 13/13 MP: 3/3
   196 | D:1      | Reached XP level 2. HP: 19/19 MP: 3/5
   200 | D:1      | Learned a level 2 spell: Ensorcelled Hibernation
   404 | D:1      | Reached skill level 5 in Hexes
   428 | D:1      | Reached skill level 5 in Stealth
   998 | D:2      | Reached XP level 3. HP: 24/24 MP: 3/6
  1337 | D:2      | Reached skill level 6 in Stealth
  1397 | D:2      | Reached XP level 4. HP: 16/30 MP: 2/7
  1422 | D:2      | Learned a level 3 spell: Confuse
  1526 | D:2      | Found a stormy altar of Qazlal.
  1543 | D:2      | Found a blossoming altar of Fedhas.
  1947 | D:2      | Noticed a moth of wrath
  1950 | D:2      | Found a bloodstained altar of Trog.
  2218 | D:3      | Reached skill level 1 in Ice Magic
  2285 | D:3      | Reached XP level 5. HP: 36/36 MP: 5/8
  2689 | D:3      | Reached skill level 7 in Stealth
  3014 | D:3      | Found a shimmering altar of Xom.
  3018 | D:3      | Found a snail-covered altar of Cheibriados.
  3020 | D:3      | Found a basalt altar of Yredelemnul.
  3183 | D:4      | Reached XP level 6. HP: 41/42 MP: 3/10
  3201 | D:4      | Noticed Menkaure
  3214 | D:4      | Killed Menkaure
  3214 | D:4      | Reached skill level 8 in Stealth
  3259 | D:4      | Killed from afar by an orc wizard

Skill      XL: |  1  2  3  4  5  6 |
---------------+-------------------+-----
Hexes          | 5 6 |  6.1
Stealth        | 5 6 7 8 |  8.0
Ice Magic      | 1 |  1.7
Dodging        | 3 |  3.0
Spellcasting   | 3 |  3.2
Fighting       | |  0.8
Short Blades   | |  1.4

Action                   |  1- 3 |  4- 6 || total
-------------------------+-------+-------++-------
Melee: Dagger            |    67 |   141 ||   208
       Bite              |     5 |    10 ||    15
 Cast: Corona            |     2 |       ||     2
       Ensorcelled Hiber |    11 |    44 ||    55
       Confuse           |       |     4 ||     4
  Use: Scroll            |       |     8 ||     8
       Potion            |       |     2 ||     2
 Stab: Sleeping          |    24 |    47 ||    71
       Distracted        |       |     1 ||     1
       Confused          |       |     1 ||     1
  Eat: Corpse            |       |     1 ||     1
Armor: Robe              |    13 |    23 ||    36
Dodge: Dodged            |    35 |    79 ||   114
